 Dungeon Crawl Stone Soup version 0.31.0-32-g396128a36d (webtiles) character file.

Game seed: 13190203535659304159

95 gohu the Magician (level 4, -4/31 HPs)
             Began as a Djinni Fire Elementalist on Mar 8, 2024.
             Slain by a river rat (9 damage)
             ... on level 3 of the Dungeon.
             The game lasted 00:04:12 (1664 turns).

gohu the Magician (Djinni Fire Elementalist)        Turns: 1664, Time: 00:04:13

Health: -4/31      AC:  3    Str: 13    XL:     4   Next: 95%
Gold:   125        EV: 12    Int: 18    God:
                   SH:  0    Dex: 14

rFire   + + .        (no weapon)
rCold   x . .        (no shield)
rNeg    . . .        a - +0 robe
rPois   ∞            (no helmet)
rElec   .            (no cloak)
rCorr   .            k - +0 pair of gloves
SInv    .            (boots unavailable)
Will    .....        (no amulet)
Stlth   ++           j - +6 ring of strength
HPRegen 0.25/turn    (no ring)
MPRegen 0.00/turn

%: infuse magic (-5 HP)
@: flying
A: sickness immunity, fire resistance 2, cold vulnerability 1, float, innate
caster, HP casting, extra vitality 1
a: no special abilities


You were on level 3 of the Dungeon.
You visited 1 branch of the dungeon, and saw 3 of its levels.

You collected 125 gold pieces.

Inventory:

Armour
 a - a +0 robe (worn)
 k - a +0 pair of gloves (worn)
Jewellery
 j - a +6 ring of strength (left hand)
Wands
 p - a wand of digging (3)
Scrolls
 e - a scroll of enchant weapon
 m - a scroll of vulnerability
Potions
 b - 2 potions of cancellation
 c - 3 potions of heal wounds {unknown}
 d - a potion of mutation
 g - a potion of enlightenment {unknown}
 l - a potion of degeneration {unknown}
 n - a potion of brilliance {unknown}


   Skills:
 - Level 2.1 Dodging
 - Level 1.5 Stealth
 + Level 4.5 Spellcasting
 + Level 4.5 Conjurations
 + Level 4.5 Hexes
 + Level 4.5 Summonings
 + Level 4.5 Necromancy
 + Level 4.5 Translocations
 + Level 4.5 Fire Magic
 + Level 4.5 Ice Magic
 + Level 4.5 Air Magic
 + Level 4.5 Earth Magic
 + Level 4.5 Alchemy


You knew the following spells:

 Your Spells              Type           Power      Damage    Failure   Level
a - Foxfire               Conj/Fire      80%        2x1d8     2%          1
b - Scorch                Fire           40%        2d6       3%          2
c - Volatile Blastmotes   Fire/Tloc      40%        2d13      6%          3
d - Inner Flame           Hex/Fire       20%        N/A       6%          3
e - Flame Wave            Conj/Fire      20%        2d7       22%         4
f - Sandblast             Erth           40%        2d10      2%          1
Your spell library was empty.

Dungeon Overview and Level Annotations

Branches:
Dungeon (3/15)

Altars:

Shops:
D:2 (

Portals:
Sewer: D:3


Innate Abilities, Weirdness & Mutations

You are immune to sickness and miasma.
You are immune to poison.
Your flesh is very heat resistant. (rF++)
You are vulnerable to cold. (rC-)
You float through the air rather than walking.
You learn spells naturally, not from books.
Your magical power is your life essence.
You have superior vitality. (+4 MHP)


Message History

The river rat bites you.
Casting: Foxfire (safe; 2% risk of failure)
Confirm with . or Enter, or press ? or * to list all spells.
Flames lash the river rat.
You kill the river rat!
The ball python closely misses you. The ball python barely misses you.
The ball python bites you but does no damage.
The ball python grabs you. The ball python constricts you.
Casting: Scorch (safe; 3% risk of failure)
Confirm with . or Enter, or press ? or * to list all spells.
Flames lash the ball python.
You kill the ball python!
The river rat bites you. The giant cockroach bites you.
The river rat bites you but does no damage.
Casting: Scorch (safe; 3% risk of failure)
Confirm with . or Enter, or press ? or * to list all spells.
You conjure some foxfire!
The giant cockroach completely misses you.
The river rat bites you.
The foxfire hits the giant cockroach.
The giant cockroach is almost dead.
The foxfire hits the giant cockroach.
You kill the giant cockroach!
The river rat completely misses you.
Casting: Foxfire (safe; 2% risk of failure)
Confirm with . or Enter, or press ? or * to list all spells.
You conjure some foxfire!
The river rat bites you.
* * * LOW HITPOINT WARNING * * *
The foxfire hits the river rat.
The river rat is lightly wounded.
The foxfire hits the river rat.
The river rat is heavily wounded.
The river rat bites you but does no damage.
Casting: Foxfire (safe; 2% risk of failure)
Confirm with . or Enter, or press ? or * to list all spells.
You conjure some foxfire!
* * * LOW HITPOINT WARNING * * *
The river rat bites you!
You die...

. .. ... .. .... ###.
####.######### ....
.......vv†...# ##..
#....@rr...# ....#
#.#######..# #..###
#.#~~~~~#..#
#...###.#~~~~~#..#
#......#~~∩~~'..#
#..##..#~~~~~#..#
#..###.#######..#
#..###..§§v....##
#...###§#§......§v..#


You could see a river rat (ally target) and a rat.

Vanquished Creatures
  3 adders (D:2)
  A river rat (D:3)
  4 ribbon worms (D:2)
  2 dart slugs (D:2)
  An orc (D:2)
  4 bats
  6 endoplasms
  3 giant cockroaches
  4 goblins
  5 hobgoblins
  2 kobolds
  2 quokkas
  3 ball pythons
  2 rats
42 creatures vanquished.

Vanquished Creatures (others)
  107 foxfires
107 creatures vanquished.

Grand Total: 149 creatures vanquished

Notes
Turn   | Place    | Note
-------+----------+-------------------------------------------
     0 | D:1      | gohu the Djinni Fire Elementalist began the quest for the
                  | Orb.
     0 | D:1      | gohu set off with the following spells memorised: Foxfire,
                  | Scorch, Volatile Blastmotes, Inner Flame, Flame Wave.
     0 | D:1      | Reached XP level 1. HP: 15/15 MP: 0/0
   239 | D:1      | Reached XP level 2. HP: 20/21 MP: 0/0
   726 | D:2      | Reached XP level 3. HP: 24/25 MP: 0/0
   726 | D:2      | Learned a level 1 spell: Sandblast
  1189 | D:2      | Reached XP level 4. HP: 30/31 MP: 0/0
  1408 | D:2      | Found Ita Ymas's Weapon Shoppe.
  1639 | D:3      | Found a glowing drain.
  1664 | D:3      | Slain by a river rat

Illustrated notes

Levels and vault maps discovered:
D:1:      scummos_arrival_checkerplants, layout_loops_cross
D:2:      layout_rooms, serial_shops, shop, minmay_circled_x
D:3:      minmay_recursive_quarters, layout_basic, serial_shops,
          nicolae_shop_overgrown_old_shop, nicolae_shop_overgrown_old_shop,
          shop, shop, nicolae_shop_back_alley_shop, portal_sewer_entry_c,
          basic_ecumenical_altar

Skill      XL: |  1  2  3 |
---------------+----------+-----
Spellcasting   | 4 |  4.5
Conjurations   | 4 |  4.5
Hexes          | 4 |  4.5
Summonings     | 4 |  4.5
Necromancy     | 4 |  4.5
Translocations | 4 |  4.5
Fire Magic     | 4 |  4.5
Ice Magic      | 4 |  4.5
Air Magic      | 4 |  4.5
Earth Magic    | 4 |  4.5
Alchemy        | 4 |  4.5
Dodging        | |  2.1
Stealth        | |  1.5

Action                     |  1- 3 |  4- 6 || total
---------------------------+-------+-------++-------
   Cast: Foxfire           |    35 |    34 ||    69
         Scorch            |    15 |     5 ||    20
    Use: Scroll            |       |     8 ||     8
 Armour: Robe              |    21 |     9 ||    30
  Dodge: Dodged            |    27 |     5 ||    32
